 Dungeon Crawl Stone Soup version 0.21.1-1-g345015fe64 (webtiles) character file.

14 Ivernyr the Charmwright (level 2, -6/22 HPs)
             Began as a Demonspawn Skald on Apr 26, 2018.
             Mangled by a gnoll
             ... wielding a +0 flail
              (9 damage)
             ... on level 1 of the Dungeon.
             The game lasted 00:01:10 (548 turns).

Ivernyr the Charmwright (Demonspawn Skald)           Turns: 548, Time: 00:01:10

Health: -6/22      AC:  9    Str: 11    XL:     2   Next: 31%
Magic:  1/5        EV: 11    Int: 14    God:
Gold:   51         SH:  0    Dex: 12    Spells: 0/5 levels left

rFire    . . .     SeeInvis .   a - +0 falchion
rCold    . . .     Gourm    .   (no shield)
rNeg     . . .     Faith    .   b - +0 leather armour
rPois    .         Spirit   .   (no helmet)
rElec    .         Reflect  .   (no cloak)
rCorr    .         Harm     .   (no gloves)
MR       .....                  (no boots)
Stlth    +.........             (no amulet)
HPRegen  0.07/turn              (no ring)
MPRegen  0.09/turn              (no ring)

@: shrouded, sanguine armour
A: sanguine armour 1
a: no special abilities


You were on level 1 of the Dungeon.
You were not hungry.

You visited 1 branch of the dungeon, and saw 1 of its levels.

You collected 51 gold pieces.

Inventory:

Hand Weapons
 a - a +0 falchion (weapon)
Armour
 b - a +0 leather armour (worn)
Scrolls
 e - 2 scrolls of remove curse {unknown}
 f - a scroll of teleportation {unknown}
 h - 2 scrolls of identify {unknown}
 i - a scroll of fear {unknown}
 j - a scroll of magic mapping {unknown}
Potions
 g - 2 potions of curing {unknown}
Books
 c - a book of Battle

   Spells                             Type                      Level
   a - Infusion                       Charms                       1
   b - Shroud of Golubria             Charms/Translocation         2
   c - Song of Slaying                Charms                       2
   d - Spectral Weapon                Hexes/Charms                 3
   e - Regeneration                   Charms/Necromancy            3
Comestibles
 d - 2 rations


   Skills:
 + Level 2.2 Fighting
 + Level 2.0 Long Blades
 * Level 1.4 Armour
 - Level 1.7 Dodging
 - Level 2.0 Spellcasting
 + Level 2.8 Charms


You couldn't memorise any spells.
You knew the following spells:

 Your Spells              Type           Power        Failure   Level  Hunger
a - Shroud of Golubria    Chrm/Tloc      #.........   26%         2    ###....
b - Song of Slaying       Chrm           #.......     14%         2    ###....
c - Infusion              Chrm           #...         10%         1    ##.....


Dungeon Overview and Level Annotations

Branches:
Dungeon (1/15)

Altars:


Innate Abilities, Weirdness & Mutations

When seriously injured, your bleeding wounds create armour. (AC +6)


Message History

Your blood congeals into armour.
Your shroud falls apart!
You barely miss the gnoll. The gnoll hits you but does no damage.
A bat comes into view.
You barely miss the gnoll. The gnoll closely misses you.
You hit the gnoll.
The gnoll is moderately wounded.
The gnoll hits you with a flail.
You hit the gnoll.
The gnoll is severely wounded.
The gnoll closely misses you.
You hit the gnoll but do no damage.
The gnoll is severely wounded.
The gnoll hits you with a flail!
* * * LOW HITPOINT WARNING * * *
Casting: Shroud of Golubria
Confirm with . or Enter, or press ? or * to list all spells.
Space distorts slightly along a thin shroud covering your body.
The gnoll hits you with a flail!
You die...

......
.?... ....
... ..##
.b# #g# #@#
#.# #.#.#
#.#.# #.#.#
#.#.# #.#.#
#.#.#
...####.#.#


You could see a gnoll and a bat.

Vanquished Creatures
  A giant cockroach (D:1)
  2 goblins (D:1)
  2 hobgoblins (D:1)
  4 kobolds (D:1)
  A frilled lizard (D:1)
  3 rats (D:1)
13 creatures vanquished.

Notes
Turn   | Place    | Note
-------+----------+-------------------------------------------
     0 | D:1      | Ivernyr the Demonspawn Skald began the quest for the Orb.
     0 | D:1      | Reached XP level 1. HP: 16/16 MP: 3/3
    37 | D:1      | Reached skill level 1 in Armour
   154 | D:1      | Gained mutation: When seriously injured, your bleeding wounds create armour. (AC +6) [demonic ancestry]
   154 | D:1      | Reached XP level 2. HP: 9/22 MP: 0/5
   346 | D:1      | Learned a level 2 spell: Song of Slaying
   349 | D:1      | Learned a level 2 spell: Shroud of Golubria
   548 | D:1      | Mangled by a gnoll

Skill      XL: |  1  2 |
---------------+-------+-----
Armour         | 1 |  1.4
Long Blades    | 2 |  2.0
Fighting       | |  2.2
Dodging        | |  1.7
Spellcasting   | |  2.0
Charms         | |  2.8

Action                   || total
-------------------------++-------
Melee: Falchion          ||    34
 Cast: Infusion          ||     1
       Shroud of Golubri ||     2
Armor: Leather armour    ||     6
Dodge: Dodged            ||    17
       Rpst.: Falchion   ||     5
